 Dungeon Crawl Stone Soup version 0.31.0-10-gcf4a605ca0 (webtiles) character file.

Game seed: 9551792385275050676

1867697 Aviak the Warmonger (level 27, 283/283 HPs)
             Began as a Hill Orc Fighter on Jan 24, 2024.
             Was a High Priest of Okawaru.
             Escaped with the Orb
             ... and 3 runes
             ... and 1 gem (intact) on Jan 25, 2024!
             The game lasted 02:24:45 (60265 turns).

Aviak the Warmonger (Hill Orc Fighter)             Turns: 60265, Time: 02:24:46

Health: 283/283    AC: 44    Str: 45    XL:     27
Magic:  39/39      EV: 13    Int:  6    God:    Okawaru [*****.]
Gold:   3349       SH: 31    Dex: 12    Spells: 26/26 levels left

rFire   + + +        T - +9 broad axe (elec) {!w}
rCold   + + +        B - +10 tower shield of Ignorance {rN+ Int-4}
rNeg    + . .        U - +6 gold dragon scales {rF+ rC+ rPois}
rPois   +            Z - +2 helmet "Plog" {+Inv Str+3}
rElec   .            G - +1 cloak
rCorr   +            F - +1 pair of gloves {hurl}
SInv    .            r - +2 pair of boots of Heuf {Str+3}
Will    ++...        z - amulet "Ajiasear" {Spirit rF++ Str-4 Int+3 Stlth+} Stlth
                     A - ring "Ronweumm" {^Contam rC+++ Str+6 Dex+3 Slay+2}
HPRegen 0.67/turn    j - ring of Greed {rF+ rC+ rCorr}
MPRegen 0.26/turn

%: clarity, guardian spirit
@: studying Maces & Flails
A: clarity, robust 1, strong 1, subdued magic 1
0: Orb of Zot
}: 3/15 runes: serpentine, barnacled, silver
a: Renounce Religion, Evoke Invisibility, Heroism, Finesse, Duel


You escaped.
You worshipped Okawaru.
Okawaru was extremely pleased with you.
You visited 9 branches of the dungeon, and saw 46 of its levels.
You visited the Abyss 1 time.
You also visited: Sewer and Gauntlet.

You collected 7250 gold pieces.
You spent 3901 gold pieces at shops.

Inventory:

Hand Weapons
 y - a +2 demon trident of freezing
 T - a +9 broad axe of electrocution (weapon) {!w}
Missiles
 H - 11 throwing nets {!f}
 Y - 43 javelins (quivered)
Armour
 r - the +2 pair of boots of Heuf (worn) {Str+3}
   (You found it in a Gauntlet)

   Str+3:     It affects your strength (+3).
 B - the +10 tower shield of Ignorance (worn) {rN+ Int-4}
   (You took it off Louise on level 1 of the Snake Pit)

   Int-4:     It affects your intelligence (-4).
   rN+:       It protects you from negative energy.
 F - a +1 pair of gloves of hurling (worn)
 G - a +1 cloak (worn)
 U - +6 gold dragon scales (worn) {rF+ rC+ rPois}
 Z - the +2 helmet "Plog" (worn) {+Inv Str+3}
   (You bought it in a shop on level 1 of the Snake Pit)

   Str+3:     It affects your strength (+3).
   +Inv:      It lets you turn invisible.
Jewellery
 j - the ring of Greed (right hand) {rF+ rC+ rCorr}
   (You found it on level 4 of the Vaults)

   [ring of resist corrosion]

   rF+:       It protects you from fire.
   rC+:       It protects you from cold.
   rCorr:     It protects you from acid and corrosion.
 k - the ring of Onne {rC+ rCorr}
   (You found it on level 4 of the Depths)

   [ring of resist corrosion]

   rC+:       It protects you from cold.
   rCorr:     It protects you from acid and corrosion.
 n - the ring of Qoddosumm {Int+6 SInv}
   (You took it off a vampire knight on level 4 of the Depths)

   [ring of see invisible]

   Int+6:     It affects your intelligence (+6).
   SInv:      It lets you see invisible.
 q - the amulet of the Coward {Reflect rC- Slay+5 SH+5}
   (You found it on level 4 of the Vaults)

   [amulet of reflection]

   Reflect:   It reflects blocked missile attacks.
   Slay+5:    It affects your accuracy & damage with ranged weapons and melee
   (+5).
   rC-:       It makes you vulnerable to cold.
   SH+5:      It affects your SH (+5).
 z - the amulet "Ajiasear" (around neck) {Spirit rF++ Str-4 Int+3 Stlth+}
   (You found it in a Gauntlet)

   [amulet of guardian spirit]

   Spirit:    It causes incoming damage to be divided between your reserves of
   health and magic.
   Str-4:     It affects your strength (-4).
   Int+3:     It affects your intelligence (+3).
   rF++:      It greatly protects you from fire.
   Stlth+:    It makes you more stealthy.
 A - the ring "Ronweumm" (left hand) {^Contam rC+++ Str+6 Dex+3 Slay+2}
   (You bought it in a shop on level 4 of the Snake Pit)

   [ring of strength]

   Str+6:     It affects your strength (+6).
   Dex+3:     It affects your dexterity (+3).
   Slay+2:    It affects your accuracy & damage with ranged weapons and melee
   (+2).
   rC+++:     It renders you almost immune to cold.
   ^Contam:   It causes magical contamination when unequipped.
 E - a +5 ring of evasion
 I - the ring "Meuhoumo" {Str+2 Slay+4}
   (You found it on level 1 of the Realm of Zot)

   [ring of slaying]

   Str+2:     It affects your strength (+2).
   Slay+4:    It affects your accuracy & damage with ranged weapons and melee
   (+4).
 Q - the amulet "Vidob" {Reflect Harm ^Fragile rCorr Int+2 SH+5}
   (You found it on level 5 of the Vaults)

   [amulet of reflection]

   Reflect:   It reflects blocked missile attacks.
   Int+2:     It affects your intelligence (+2).
   rCorr:     It protects you from acid and corrosion.
   ^Fragile:  It will be destroyed if unequipped.
   SH+5:      It affects your SH (+5).
   Harm:      It increases damage dealt and taken.
Wands
 b - a wand of quicksilver (2)
 D - a wand of flame (56)
 K - a wand of roots (25)
 O - a wand of mindburst (40)
 V - a wand of paralysis (39)
 X - a wand of digging (6)
Scrolls
 g - 7 scrolls of poison
 i - 18 scrolls of identify
 p - 3 scrolls of brand weapon
 t - 22 scrolls of teleportation
 u - 8 scrolls of fog
 x - 2 scrolls of blinking
 J - 10 scrolls of revelation
 L - 2 scrolls of silence {!r}
 M - 9 scrolls of fear
 N - 6 scrolls of immolation
 W - 9 scrolls of enchant weapon
Potions
 a - 5 potions of enlightenment
 c - 16 potions of curing
 d - 6 potions of might
 f - 4 potions of haste
 h - 8 potions of heal wounds
 l - 3 potions of cancellation
 m - 6 potions of invisibility
 o - 15 potions of lignification {!q}
 s - 4 potions of mutation {!q}
 v - 5 potions of resistance
 w - 12 potions of brilliance
 C - 3 potions of berserk rage
 P - 3 potions of ambrosia
 R - 7 potions of attraction
 S - 3 potions of magic
Miscellaneous
 e - a tin of tremorstones (2/2)


   Skills:
 - Level 23.0 Fighting
 - Level 5.0 Long Blades
 - Level 23.0 Axes
 - Level 14.0 Throwing
 + Level 22.1 Armour
 - Level 12.0 Dodging
 + Level 21.2 Shields
 - Level 25.0 Invocations
 * Level 10.8 Evocations


You had 26 spell levels left.
You didn't know any spells.
Your spell library contained the following spells:

 Spells                   Type           Power      Damage    Failure   Level
 Apportation              Tloc           0%         N/A       94%         1
 Foxfire                  Conj/Fire      0%         2x1d4     94%         1
 Freeze                   Ice            0%         1d3       94%         1
 Necrotise                Necr           0%         1d4       94%         1
 Sandblast                Erth           0%         2d4       94%         1
 Sting                    Conj/Alch      0%         1d3       94%         1
 Ensorcelled Hibernation  Hex/Ice        0%         N/A       98%         2
 Jinxbite                 Hex            0%         N/A       98%         2
 Lesser Beckoning         Tloc           0%         N/A       98%         2
 Mercury Vapours          Alch/Air       0%         N/A       98%         2
 Scorch                   Fire           0%         2d5       98%         2
 Sublimation of Blood     Necr           0%         N/A       98%         2
 Dazzling Flash           Conj/Hex       0%         N/A       100%        3
 Frozen Ramparts          Ice            0%         1d1       100%        3
 Fugue of the Fallen      Necr           0%         N/A       100%        3
 Gell's Gravitas          Tloc           0%         N/A       100%        3
 Hailstorm                Conj/Ice       0%         3d5       100%        3
 Inner Flame              Hex/Fire       0%         N/A       100%        3
 Mephitic Cloud           Conj/Alch/Air  0%         N/A       100%        3
 Ozocubu's Armour         Ice            0%         N/A       100%        3
 Passwall                 Erth           0%         N/A       100%        3
 Sigil of Binding         Hex            0%         N/A       100%        3
 Stone Arrow              Conj/Erth      0%         3d7       100%        3
 Swiftness                Air            0%         N/A       100%        3
 Teleport Other           Tloc           0%         N/A       100%        3
 Vampiric Draining        Necr           0%         2d6       100%        3
 Anguish                  Hex/Necr       0%         N/A       100%        4
 Brom's Barrelling Bould  Conj/Erth      0%         2d3       100%        4
 Cause Fear               Hex            0%         N/A       100%        4
 Dimensional Bullseye     Hex/Tloc       0%         N/A       100%        4
 Flame Wave               Conj/Fire      0%         2d4       100%        4
 Ignite Poison            Fire/Alch      0%         N/A       100%        4
 Manifold Assault         Tloc           0%         N/A       100%        4
 Olgreb's Toxic Radiance  Alch           0%         N/A       100%        4
 Passage of Golubria      Tloc           0%         N/A       100%        4
 Curse of Agony           Necr           0%         N/A       100%        5
 Fireball                 Conj/Fire      0%         3d3       100%        5
 Iskenderun's Battlesphe  Conj           0%         2d6       100%        5
 Metabolic Englaciation   Hex/Ice        0%         N/A       100%        5
 Silence                  Hex/Air        0%         N/A       100%        5
 Yara's Violent Unravell  Hex/Alch       0%         3d3       100%        5
 Conjure Ball Lightning   Conj/Air       0%         3x3d6     100%        6
 Dispersal                Tloc           0%         N/A       100%        6
 Plasma Beam              Fire/Air       0%         2x1d10    100%        6
 Starburst                Conj/Fire      0%         6d3       100%        6
 Enfeeble                 Hex            0%         N/A       100%        7
 Orb of Destruction       Conj           0%         9d5       100%        7
 Ozocubu's Refrigeration  Ice            0%         4d7       100%        7
 Discord                  Hex            0%         N/A       100%        8
 Disjunction              Tloc           0%         N/A       100%        8
 Lehudib's Crystal Spear  Conj/Erth      0%         10d2      100%        8
 Polar Vortex             Ice            0%         N/A       100%        9
 Summon Small Mammal      Summ           Unusable   N/A       N/A         1
 Call Imp                 Summ           Unusable   N/A       N/A         2
 Call Canine Familiar     Summ           Unusable   N/A       N/A         3
 Tukima's Dance           Hex            Unusable   N/A       N/A         3
 Animate Armour           Summ/Erth      Unusable   N/A       N/A         4
 Martyr's Knell           Necr/Summ      Unusable   N/A       N/A         4
 Sculpt Simulacrum        Ice/Alch       Unusable   N/A       N/A         6
 Summon Cactus Giant      Summ           Unusable   N/A       N/A         6
 Summon Hydra             Summ           Unusable   N/A       N/A         7
 Dragon's Call            Summ           Unusable   N/A       N/A         9

Dungeon Overview and Level Annotations

Branches:
Dungeon (15/15)            Temple (0/1) D:7            Lair (5/5) D:11
 Shoals (4/4) Lair:2        Snake (4/4) Lair:2        Slime (0/5) Lair:4
    Orc (2/2) D:11            Elf (2/3) Orc:2        Vaults (5/5) D:14
  Crypt (0/3) Vaults:2     Depths (4/4) D:15            Zot (5/5) Depths:4
  Sewer (visited)         Gauntlet (visited)

Altars:
Ashenzari
Dithmenos
Fedhas
Gozag
Hepliaklqana
Kikubaaqudgha
Makhleb
Nemelex Xobeh
Okawaru
Qazlal
Sif Muna
Trog
Uskayaw
Vehumet
Xom
The Shining One
Beogh
Jiyva

Shops:
D:2 =   D:5 !*   Orc:2 *[(*   Snake:1 *(![   Snake:2 (:   Snake:3 ?([*
Snake:4 ((:==   Vaults:2 ?   Depths:2 (   Depths:3 *

Portals:
Hell: Depths:1 Depths:2 Depths:3 Depths:4
Abyss: Depths:3
Pandemonium: Depths:2 Depths:3
Ziggurat: Depths:4

Annotations:
Zot:1 3 transporters
Zot:5 36 runed translucent doors, exclusion: door


Innate Abilities, Weirdness & Mutations

You possess an exceptional clarity of mind.
You are robust. (+10% HP)
Your muscles are strong. (Str +4, Int/Dex -1)
Your spells are a little easier to cast, but a little less powerful.


Message History

You kill the sun demon!
Okawaru accepts your kill.
You see here a +1 demon whip of venom.
Items here: ))))) [.
Magic restored.
There is a stone staircase leading up here.
You climb upwards.
There is a stone staircase leading down here.
HP restored.
A Hell Sentinel comes into view.
A hell beast comes into view.
There is a stone staircase leading up here.
You climb upwards.
There is a stone staircase leading down here.
An Orb Guardian comes into view.
You can't go up here!
There is a stone staircase leading up here.
You climb upwards.
There is a stone staircase leading down here.
There is a stone staircase leading up here.
You climb upwards.
There is a stone staircase leading down here.
There is an escape hatch in the ceiling here.
A mysterious force pulls you upwards. The hatch slams shut behind you.
A neqoxec comes into view.
You can't go up here!
The neqoxec moves out of view.
There is a stone staircase leading down here.
There is a stone staircase leading up here.
You climb upwards.
There is a stone staircase leading down here.
You feel like a meek peon again.
An Orb Guardian comes into view.
Aiming: Dig
Press: ? - help, Shift-Dir - straight line This square is covered in magical glow.
The rock shatters into small pieces.
There is a staircase leading out of the dungeon here.
You block the Orb Guardian's attack. x2
You have escaped!

### ##>...#......# .######
##..####......# ......####
#..## #......#
#####....####.######......#
########..................#
..........###.######......#
..############.####.......#
#..............X.#........#
#.....##...##...@#.#......#
#.................#########
##################.#
###....### #.# #####
##...#....## ##
....###..###.##..#
###...#.####.###.##
........# #..# #..#
###.#..## #.## ##.#


You could see an Orb Guardian.

Vanquished Creatures
  5 dread liches
  2 orbs of fire (Zot:4)
  2 ancient liches
  A juggernaut (Depths:4)
  7 Killer Klowns
  Margery (Depths:4)
  A caustic shrike (Depths:4)
  3 curse toes
  Vashnia (Arena)
  Saint Roka (Orc:2)
  8 golden dragons
  The ghost of Soesill the Warrior, an adept DgCj (Depths:3)
  A Tzitzimitl (Zot:3)
  A hellephant (Depths:4)
  3 electric golems
  3 doom hounds (Zot:3)
  Mlioglotl (Snake:1)
  2 walking crystal tomes
  21 tentacled monstrosities
  A lich (Depths:3)
  An Ice Fiend (Zot:4)
  2 deep elf blademasters
  8 titans
  27 Orb Guardians
  Grunn (Zot:3)
  6 quicksilver dragons
  A walking frostbound tome (Depths:4)
  A kraken (Shoals:4)
  Kirke (D:12)
  5 sphinxes
  2 ancient champions
  Agnes (Elf:2)
  8 death cobs
  8 tengu reavers
  13 storm dragons
  7 shadow dragons
  Aizul (Snake:1)
  2 protean progenitors (Zot:1)
  A daeva (Vaults:1)
  2 iron dragons
  3 nagarajas
  13 fire giants
  2 draconian monks
  A deep elf sorcerer (Vaults:5)
  8 frost giants
  2 draconian knights (Zot:3)
  5 draconian scorchers
  2 balrugs
  2 draconian shifters
  Louise (Snake:1)
  12 vault wardens
  An angel (Vaults:1)
  7 draconian stormcallers
  4 spectral caustic shrikes (Depths:1)
  2 ironbound thunderhulks (Vaults:2)
  4 orc warlords
  16 stone giants
  4 formless jellyfish
  A reaper (Zot:3)
  5 ghost moths
  13 ironbound preservers
  2 spriggan defenders (Depths:4)
  9 draconian annihilators
  3 deep elf death magi
  16 very ugly things
  8 red draconians
  5 vampire knights
  2 green draconians (Zot:1)
  11 yellow draconians
  5 purple draconians
  14 dire elephants
  A spark wasp (Depths:4)
  4 white draconians
  5 war gargoyles (Vaults:4)
  5 black draconians
  13 ettins
  A minotaur (Gauntlet)
  3 merfolk impalers
  A crystal guardian (Vaults:4)
  15 yaktaur captains
  2 jiangshi (Depths:1)
  2 deep elf high priests (Vaults:5)
  Snorg (Orc:2)
  5 merfolk javelineers (Shoals:4)
  Fannar (D:12)
  9 fire dragons
  2 catoblepae
  A rakshasa (Depths:2)
  40 vault guards
  4 salamander tyrants
  2 hydras
  9 great orbs of eyes
  10 ice dragons
  3 merfolk avatars
  24 centaur warriors
  A ghost crab (Gauntlet)
  5 peacekeepers
  16 anacondas
  7 spriggan air magi
  An ogre mage (D:15)
  8 ironbound frosthearts
  2 hell beasts
  8 two-headed ogres
  7 boulder beetles
  10 tengu warriors
  3 vampire magi
  14 naga warriors
  A satyr (Shoals:2)
  36 dancing weapons
  7 death yaks
  8 deep troll shamans
  A titan zombie (Depths:1)
  8 shock serpents
  6 deep troll earth magi
  An occultist (Depths:1)
  14 deep elf knights
  5 spriggan berserkers
  An orc high priest (Orc:1)
  16 naga sharpshooters
  Sonja (Lair:3)
  Nergalle (D:10)
  7 skysharks
  6 sun demons
  11 skeletal warriors
  29 hell knights
  10 mana vipers
  4 iron trolls
  A storm dragon skeleton (Depths:1)
  10 arcanists
  9 salamander mystics
  65 deep trolls
  12 sea snakes
  3 deep elf archers
  2 obsidian statues
  5 naga ritualists
  6 glowing orange brains
  10 phantasmal warriors
  13 harpies
  19 ironbound convokers
  14 orc knights
  6 lindwurms
  8 deep elf zephyrmancers
  20 salamanders
  17 deep elf pyromancers
  13 necromancers
  A stone giant zombie (Depths:1)
  13 cyclopes
  5 fauns
  A wolf spider (Vaults:5)
  8 manticores
  7 orc sorcerers
  Maurice (D:7)
  45 ugly things
  9 meliai
  A fire giant skeleton (Vaults:2)
  4 human skeletons (Vaults:2)
  5 kobold blastminers
  3 stone giant skeletons (Vaults:2)
  10 elephants
  38 black mambas
  24 moths of wrath
  2 rust devils
  10 naga magi
  5 merfolk sirens
  Joseph (D:7)
  A frost giant skeleton (Vaults:2)
  10 guardian serpents
  3 smoke demons
  2 black mambas (shapeshifter) (Elf:1)
  14 vault sentinels
  4 water nymphs
  A torpor snail (Lair:5)
  An orange demon (D:15)
  2 gargoyles (D:12)
  15 komodo dragons
  2 hellions
  2 unseen horrors
  2 rime drakes
  17 cane toads
  5 kobold demonologists
  An efreet (D:13)
  15 yaktaurs
  3 tengu conjurers
  3 freezing wraiths (Vaults:5)
  4 trolls
  2 red devils (D:10)
  4 polar bears (Lair:5)
  A tormentor (Zot:3)
  2 yaktaur skeletons (Vaults:2)
  15 merfolk
  A hellwing (D:10)
  2 wind drakes
  8 hornets
  A troll (shapeshifter) (D:13)
  4 glass eyes (Depths:4)
  2 meliai (shapeshifter)
  18 dream sheep
  23 blink frogs
  9 snapping turtles
  A stone giant simulacrum (Depths:1)
  An air elemental (Elf:2)
  50 slime creatures
  A shadow (D:10)
  3 wraiths
  44 yaks
  11 water elementals
  5 wyverns
  13 spriggans
  2 ettin skeletons
  3 vampires
  4 basilisks
  3 hogs (D:12)
  A yak (shapeshifter) (Elf:2)
  A fire elemental (D:14)
  2 wargs
  A human (shapeshifter) (D:14)
  25 humans
  2 vampire mosquitoes (D:12)
  3 steam dragons
  5 acid dragons
  43 nagas
  A glowing shapeshifter skeleton (Vaults:2)
  24 water moccasins
  5 hell hounds (Zot:4)
  An ogre skeleton (Vaults:2)
  4 black bears
  37 orc warriors
  2 ice beasts (D:8)
  A sky beast (shapeshifter) (Elf:1)
  6 laughing skulls
  2 sky beasts (D:7)
  An ettin simulacrum (Depths:1)
  4 boggarts (Lair:5)
  29 wolves
  4 centaurs
  6 ogres
  10 bullfrogs
  6 gnoll sergeants
  12 kobold brigands
  2 scorpions
  16 wights
  11 killer bees
  2 howler monkeys (D:8)
  A crimson imp (D:9)
  A lava snake (D:14)
  3 hounds
  A quasit (D:9)
  20 orc priests
  An iron imp (D:9)
  2 jellies (Lair:4)
  11 iguanas
  33 orc wizards
  A hell rat (D:11)
  26 gnolls
  6 river rats
  11 adders
  A gnoll (shapeshifter) (Vaults:5)
  2 shadow imps (D:9)
  2 white imps
  2 ufetubi (D:5)
  4 ribbon worms
  4 dart slugs
  113 orcs
  7 ball pythons
  11 endoplasms
  5 giant cockroaches
  8 hobgoblins
  2 jackals (D:1)
  38 kobolds
  5 quokkas
  4 bats
  6 frilled lizards
  12 goblins
  11 rats
  4 tentacles (Shoals:4)
2158 creatures vanquished.

Vanquished Creatures (others)
  A dread lich (Zot:5)
  A draconian knight (Zot:5)
  A yaktaur captain (Vaults:5)
  A fire dragon (Depths:4)
  A merfolk aquamancer (Shoals:4)
  A deep elf knight (Depths:3)
  A moth of wrath (Zot:5)
  A guardian serpent (Snake:4)
  A naga (Snake:2)
  An orc wizard (D:7)
  4 tentacles (Shoals:4)
14 creatures vanquished.

Grand Total: 2172 creatures vanquished

Notes
Turn   | Place    | Note
-------+----------+-------------------------------------------
     0 | D:1      | Aviak the Hill Orc Fighter began the quest for the Orb.
     0 | D:1      | Reached XP level 1. HP: 19/19 MP: 1/1
    90 | D:1      | Reached XP level 2. HP: 21/27 MP: 2/2
   353 | D:1      | Reached XP level 3. HP: 28/33 MP: 3/3
   800 | D:2      | Reached XP level 4. HP: 40/40 MP: 4/4
  1047 | D:2      | Found Dulod's Jewellery Shop.
  1169 | D:2      | Found a faded altar of an unknown god.
  1542 | D:3      | Found an iron altar of Okawaru.
  1555 | D:3      | Became a worshipper of Warmaster Okawaru
  1681 | D:3      | Found a bloodstained altar of Trog.
  1788 | D:3      | Reached XP level 5. HP: 41/47 MP: 5/5
  2047 | D:4      | Reached skill level 1 in Invocations
  2072 | D:4      | Reached skill level 5 in Fighting
  2072 | D:4      | Reached skill level 2 in Invocations
  2072 | D:4      | Reached XP level 6. HP: 52/56 MP: 7/7
  2292 | D:4      | Found a glowing drain.
  2316 | Sewer    | Entered a sewer
  2509 | Sewer    | Reached skill level 5 in Axes
  2509 | Sewer    | Reached skill level 3 in Invocations
  2622 | Sewer    | Reached * piety under Okawaru
  2623 | Sewer    | Reached skill level 5 in Armour
  2623 | Sewer    | Reached XP level 7. HP: 46/61 MP: 9/9
  2631 | Sewer    | Reached skill level 4 in Invocations
  2951 | Sewer    | Reached skill level 5 in Invocations
  3492 | D:5      | Entered Level 5 of the Dungeon
  3555 | D:5      | Found Vanutya's Distillery.
  3566 | D:5      | Bought a potion of lignification for 36 gold pieces
  3566 | D:5      | Bought a potion of haste for 120 gold pieces
  3585 | D:5      | Found a stormy altar of Qazlal.
  3609 | D:5      | Reached ** piety under Okawaru
  3610 | D:5      | Reached XP level 8. HP: 63/70 MP: 12/12
  3789 | D:5      | Reached skill level 6 in Invocations
  3984 | D:5      | Found a sparkling altar of Nemelex Xobeh.
  4030 | D:5      | Found Leedo's Assorted Antiques.
  4041 | D:5      | Bought a scroll labelled ATHOLOPTAMM for 28 gold pieces
  4041 | D:5      | Bought a scroll labelled DOTIAMEF CYTUSUE for 28 gold
                  | pieces
  4364 | D:6      | Noticed a two-headed ogre
  4377 | D:6      | Killed a two-headed ogre
  4378 | D:6      | Reached skill level 7 in Invocations
  4414 | D:6      | Reached skill level 8 in Invocations
  4414 | D:6      | Reached XP level 9. HP: 69/79 MP: 13/15
  4446 | D:6      | Found a shadowy altar of Dithmenos.
  4478 | D:6      | Reached *** piety under Okawaru
  4679 | D:6      | Found an opulent altar of Gozag.
  5090 | D:7      | Reached skill level 9 in Invocations
  5173 | D:7      | Found the +8 autumn katana {manifold assault}
  5241 | D:7      | Noticed Maurice
  5251 | D:7      | Maurice stole a +0 war axe
  5256 | D:7      | Killed Maurice
  5257 | D:7      | Reached skill level 1 in Long Blades
  5257 | D:7      | Reached skill level 10 in Invocations
  5402 | D:7      | Noticed a hornet
  5420 | D:7      | Killed a hornet
  5430 | D:7      | Reached **** piety under Okawaru
  5434 | D:7      | Reached XP level 10. HP: 41/89 MP: 17/17
  5642 | D:7      | Found a staircase to the Ecumenical Temple.
  5695 | D:7      | Noticed a two-headed ogre
  5702 | D:7      | Killed a two-headed ogre
  5703 | D:7      | Reached skill level 11 in Invocations
  5884 | D:7      | Noticed Joseph
  5892 | D:7      | Killed Joseph
  6478 | D:8      | Found a shimmering altar of Xom.
  6537 | D:8      | Reached skill level 12 in Invocations
  6678 | D:8      | You fall into a shaft and drop 1 floor!
  7056 | D:9      | Reached ***** piety under Okawaru
  7057 | D:9      | Reached skill level 13 in Invocations
  7062 | D:9      | Reached XP level 11. HP: 92/99 MP: 20/20
  7174 | D:9      | Reached skill level 10 in Fighting
  7176 | D:9      | Reached skill level 1 in Dodging
  7872 | D:9      | Noticed a two-headed ogre
  7881 | D:9      | Killed a two-headed ogre
  7882 | D:9      | Reached skill level 14 in Invocations
  8204 | D:10     | Entered Level 10 of the Dungeon
  8495 | D:10     | Received a gift from Okawaru
  9386 | D:11     | Noticed a death yak
  9386 | D:11     | Noticed a death yak
  9399 | D:11     | Noticed Nergalle
  9424 | D:10     | Noticed a spectral orc warlord
  9432 | D:10     | Killed Nergalle
  9452 | D:11     | Found a staircase to the Lair.
  9459 | D:11     | Noticed a death yak
  9483 | D:10     | Killed a death yak
  9569 | D:10     | Killed a death yak
  9581 | D:11     | Killed a death yak
  9581 | D:11     | Received a gift from Okawaru
  9582 | D:11     | Reached XP level 12. HP: 108/112 MP: 21/23
  9696 | D:11     | Reached skill level 15 in Invocations
  9939 | D:11     | Noticed a two-headed ogre
  9946 | D:11     | Killed a two-headed ogre
  9972 | D:11     | Found a staircase to the Orcish Mines.
 10065 | D:11     | Noticed a tengu warrior
 10080 | D:11     | Reached skill level 16 in Invocations
 10098 | D:11     | Killed a tengu warrior
 10099 | D:11     | Reached skill level 5 in Dodging
 10125 | D:11     | Got Qinnek's Folio of Calefaction and Bedrock
 10667 | Lair:1   | Entered Level 1 of the Lair of Beasts
 10677 | Lair:1   | Reached skill level 1 in Evocations
 11176 | Lair:1   | Received a gift from Okawaru
 11177 | Lair:1   | Reached skill level 5 in Evocations
 11713 | Lair:2   | Noticed a skyshark
 11728 | Lair:2   | Killed a skyshark
 11763 | Lair:2   | Reached skill level 10 in Armour
 11763 | Lair:2   | Reached XP level 13. HP: 106/118 MP: 22/25
 11888 | Lair:2   | Found a staircase to the Snake Pit.
 12409 | Lair:2   | Reached skill level 5 in Shields
 12481 | Lair:2   | Found a staircase to the Shoals.
 12714 | Lair:3   | Received a gift from Okawaru
 13443 | Lair:3   | Received a gift from Okawaru
 13450 | Lair:3   | Noticed Sonja
 13528 | Lair:3   | Killed Sonja
 14344 | Lair:4   | Found a viscous altar of Jiyva.
 14344 | Lair:4   | Found a staircase to the Slime Pits.
 14360 | Lair:4   | Received a gift from Okawaru
 14365 | Lair:4   | Found a gate leading to a gauntlet.
 14379 | Gauntlet | Entered a Gauntlet
 14379 | Gauntlet | Found a transporter.
 14379 | Gauntlet | Found a transporter.
 14379 | Gauntlet | Found a transporter.
 14414 | Gauntlet | Found a transporter.
 14428 | Gauntlet | Found a transporter.
 14430 | Gauntlet | Found a transporter.
 14440 | Gauntlet | Found a transporter.
 14460 | Gauntlet | Found a transporter.
 14478 | Gauntlet | Found a transporter.
 14482 | Gauntlet | Found a transporter.
 14492 | Gauntlet | Found a transporter.
 14496 | Gauntlet | Found a transporter.
 14583 | Gauntlet | Reached XP level 14. HP: 101/129 MP: 20/26
 14743 | Gauntlet | Reached skill level 17 in Invocations
 14768 | Gauntlet | Identified the +2 pair of boots of Heuf {Str+3}
 14832 | Gauntlet | Identified the amulet "Ajiasear" {Spirit rF++ Str-4 Int+3
                  | Stlth+}
 15292 | Lair:4   | You fall into a shaft and drop 1 floor!
 15292 | Lair:5   | Entered Level 5 of the Lair of Beasts
 15650 | Lair:4   | Reached skill level 1 in Throwing
 16272 | Lair:5   | Received a gift from Okawaru
 16358 | Lair:5   | Reached skill level 18 in Invocations
 16517 | Lair:5   | Found a hide-covered altar of Uskayaw.
 16620 | Lair:5   | Received a gift from Okawaru
 16641 | Lair:5   | Reached skill level 15 in Fighting
 17219 | Lair:5   | Paralysed by a hornet for 3 turns
 17584 | Lair:5   | Reached XP level 15. HP: 136/141 MP: 26/28
 17692 | Lair:5   | Reached skill level 5 in Long Blades
 17792 | Lair:5   | Reached ****** piety under Okawaru
 17792 | Lair:5   | Received a gift from Okawaru
 17793 | Lair:5   | Acquired a +2 broad axe of distortion
 17793 | Lair:5   | Received a gift from Okawaru
 17808 | Lair:5   | Acquired the +7 plate armour of Ikaty {+Blink rPois Str-4}
 17808 | Lair:5   | Received a gift from Okawaru
 17912 | Lair:5   | Reached skill level 10 in Axes
 18487 | Orc:1    | Entered Level 1 of the Orcish Mines
 18574 | Orc:2    | Entered Level 2 of the Orcish Mines
 18742 | Orc:2    | Found a staircase to the Elven Halls.
 18812 | Orc:2    | Found a roughly hewn altar of Beogh.
 18813 | Orc:2    | Found Citwositz's Assorted Antiques.
 18841 | Orc:2    | Bought a potion of curing for 84 gold pieces
 18841 | Orc:2    | Bought a potion of curing for 84 gold pieces
 18841 | Orc:2    | Bought a scroll labelled BOVILOUNGI for 28 gold pieces
 18841 | Orc:2    | Bought a scroll of identify for 56 gold pieces
 18884 | Orc:2    | Noticed Saint Roka
 18884 | Orc:2    | Gained mutation: Your spells are a little easier to cast,
                  | but a little less powerful. [a neqoxec]
 18923 | Orc:2    | Noticed Snorg
 19170 | Orc:2    | Reached skill level 10 in Shields
 19189 | Orc:2    | Killed Snorg
 19464 | Orc:2    | Found Qapaix's Antique Armour Shop.
 19465 | Orc:2    | Found a roughly hewn altar of Beogh.
 19469 | Orc:2    | Found Beafa's Antique Weapon Boutique.
 19525 | Orc:2    | Killed Saint Roka
 20196 | Orc:2    | Found a roughly hewn altar of Beogh.
 20275 | Orc:2    | Found a roughly hewn altar of Beogh.
 20293 | Orc:2    | Received a gift from Okawaru
 20333 | Orc:2    | Found Emodiel's General Store.
 20338 | Orc:2    | Bought a scroll of fog for 68 gold pieces
 20338 | Orc:2    | Bought a scroll of fear for 68 gold pieces
 20338 | Orc:2    | Bought a scroll of teleportation for 51 gold pieces
 20338 | Orc:2    | Bought a potion of mutation for 136 gold pieces
 20338 | Orc:2    | Bought a scroll of brand weapon for 161 gold pieces
 20338 | Orc:2    | Bought a scroll of enchant weapon for 127 gold pieces
 20483 | Orc:1    | Paralysed by an orc sorcerer for 5 turns
 20918 | Orc:1    | Noticed an orc warlord
 20941 | Orc:1    | Killed an orc warlord
 21942 | D:12     | Noticed Fannar
 21954 | D:12     | Killed Fannar
 22032 | D:12     | Noticed Kirke
 22137 | D:12     | Killed Kirke
 22137 | D:12     | Received a gift from Okawaru
 22487 | D:12     | Reached XP level 16. HP: 142/149 MP: 26/29
 22727 | D:12     | Reached skill level 15 in Axes
 23031 | D:12     | Received a gift from Okawaru
 23529 | D:12     | Found a faded altar of an unknown god.
 23571 | D:12     | Found a hazy altar of Hepliaklqana.
 24494 | D:14     | Received a gift from Okawaru
 25017 | D:14     | Found a burning altar of Makhleb.
 25214 | D:14     | Found a gate to the Vaults.
 25226 | D:14     | Received a gift from Okawaru
 25232 | D:14     | Reached skill level 19 in Invocations
 25238 | D:14     | Identified the +2 buckler of Action {+Inv rF- Will+ rCorr}
 25665 | D:15     | Entered Level 15 of the Dungeon
 26124 | D:15     | Found a staircase to the Depths.
 27098 | D:15     | Found a hide-covered altar of Uskayaw.
 27322 | Shoals:1 | Entered Level 1 of the Shoals
 27346 | Shoals:1 | Received a gift from Okawaru
 27360 | Shoals:1 | Reached XP level 17. HP: 133/156 MP: 26/30
 27844 | Shoals:1 | Reached skill level 20 in Invocations
 28042 | Elf:1    | Entered Level 1 of the Elven Halls
 28805 | Elf:1    | Identified the +2 leather armour of the Arena {*Corrode
                  | Str+6 Slay+2}
 28876 | Elf:1    | Reached skill level 15 in Armour
 29287 | Elf:2    | Paralysed by an air elemental for 1 turns
 29518 | Elf:2    | Received a gift from Okawaru
 29923 | Elf:2    | Found a runed translucent gate.
 29965 | Elf:2    | Found a runed translucent gate.
 29966 | Elf:2    | Found a runed translucent gate.
 30411 | Elf:2    | Received a gift from Okawaru
 30440 | Elf:2    | Noticed a deep elf blademaster
 30671 | Elf:2    | Killed a deep elf blademaster
 31340 | Elf:2    | Noticed Agnes
 31349 | Elf:2    | Killed Agnes
 31527 | Snake:1  | Entered Level 1 of the Snake Pit
 31594 | Snake:1  | Found Yfekli's Weapon Boutique.
 31608 | Snake:1  | Found Ocoe's Assorted Antiques.
 31614 | Snake:1  | Bought a potion of resistance for 250 gold pieces
 31660 | Snake:1  | Noticed Louise
 31672 | Snake:1  | Noticed Mlioglotl
 31674 | Abyss:2  | Cast into level 2 of the Abyss (Louise)
 31676 | Abyss:2  | Found a corrupted altar of Lugonu.
 31694 | Abyss:2  | Found a corrupted altar of Lugonu.
 31701 | Snake:1  | Escaped the Abyss
 31709 | Snake:1  | Killed Louise
 31710 | Snake:1  | Reached XP level 18. HP: 146/171 MP: 22/32
 31713 | Snake:1  | Noticed a dread lich
 31717 | Snake:1  | Killed Mlioglotl
 31766 | Snake:1  | Received a gift from Okawaru
 31852 | Snake:1  | Found Moggios's Distillery.
 31856 | Snake:1  | Bought a potion of curing for 39 gold pieces
 31856 | Snake:1  | Bought a potion of curing for 39 gold pieces
 31856 | Snake:1  | Bought a potion of heal wounds for 65 gold pieces
 31856 | Snake:1  | Bought a potion of curing for 39 gold pieces
 31856 | Snake:1  | Bought a potion of might for 52 gold pieces
 31881 | Snake:1  | Identified the serpent talisman of the Pirate {rElec rF-
                  | rC+ Dex+3}
 31881 | Snake:1  | Noticed Aizul
 31898 | Snake:1  | Killed Aizul
 32240 | Snake:1  | Found Edghu's Armour Emporium.
 32248 | Snake:1  | Bought the +2 helmet "Plog" {+Inv Str+3} for 417 gold
                  | pieces
 32771 | Snake:1  | You fall into a shaft and drop 1 floor!
 32806 | Snake:2  | Found Piomoz's Tiny Tomes.
 32974 | Snake:2  | Found Wivaz's Weapon Shoppe.
 32999 | Snake:2  | Received a gift from Okawaru
 34231 | Snake:3  | Found Alubeim's Armour Shop.
 34267 | Snake:3  | Received a gift from Okawaru
 34346 | Snake:3  | Found Hesul's Magic Scroll Shoppe.
 34357 | Snake:3  | Bought a scroll of enchant weapon for 135 gold pieces
 34580 | Snake:3  | Found a radiant altar of Vehumet.
 34817 | Snake:3  | Found Hubod's Assorted Antiques.
 34825 | Snake:3  | Bought a scroll of fear for 120 gold pieces
 35072 | Snake:3  | Found Ufoghynn's Weapon Shoppe.
 35277 | Snake:4  | Entered Level 4 of the Snake Pit
 35277 | Snake:4  | Found Siunob's Antique Weapon Emporium.
 35381 | Snake:4  | Found Dafucuyst's Weapon Emporium.
 35431 | Snake:4  | Noticed Vashnia
 35433 | Arena    | Entered the Arena
 35458 | Arena    | Killed Vashnia
 35516 | Snake:4  | Received a gift from Okawaru
 35823 | Snake:4  | Found a sparkling altar of Nemelex Xobeh.
 35921 | Snake:4  | Found Pysizer's Jewellery Emporium.
 35922 | Snake:4  | Found Waclusut's Book Shop.
 35923 | Snake:4  | Found Kour's Jewellery Emporium.
 35929 | Snake:4  | Bought the ring "Ronweumm" {^Contam rC+++ Str+6 Dex+3
                  | Slay+2} for 871 gold pieces
 36001 | Snake:4  | Reached skill level 15 in Shields
 36001 | Snake:4  | Reached XP level 19. HP: 166/179 MP: 30/33
 36522 | Snake:4  | Received a gift from Okawaru
 36561 | Snake:4  | Reached skill level 21 in Invocations
 36740 | Snake:4  | Identified the maw talisman "Rumext" {Int+2 Dex+5}
 36792 | Snake:4  | Got a serpentine rune of Zot
 37180 | Shoals:2 | Received a gift from Okawaru
 37612 | Shoals:3 | Identified the +1 leather armour of Instinct {Int+3}
 37877 | Shoals:4 | Entered Level 4 of the Shoals
 37890 | Shoals:4 | Received a gift from Okawaru
 38021 | Shoals:4 | Got an azure gem with 264 turns to spare
 38030 | Shoals:4 | Got a barnacled rune of Zot
 38240 | Vaults:1 | Entered Level 1 of the Vaults
 38265 | Vaults:1 | Reached XP level 20. HP: 151/187 MP: 25/34
 38268 | Vaults:1 | Received a gift from Okawaru
 38649 | Vaults:1 | Upgraded the game from 0.31.0-9-g3a7656b989 to
                  | 0.31.0-10-gcf4a605ca0
 38785 | Vaults:1 | Found a runed translucent gate.
 38785 | Vaults:1 | Found a runed translucent gate.
 38785 | Vaults:1 | Found a runed translucent gate.
 38929 | Vaults:1 | Found a glowing golden altar of the Shining One.
 39882 | Vaults:2 | Received a gift from Okawaru
 40849 | Vaults:2 | Received a gift from Okawaru
 40865 | Vaults:2 | Found a staircase to the Crypt.
 41155 | Vaults:2 | Found Erghuwn's Magic Scroll Shop.
 41163 | Vaults:2 | Bought a scroll of teleportation for 57 gold pieces
 41163 | Vaults:2 | Bought 3 scrolls of teleportation for 171 gold pieces
 41163 | Vaults:2 | Bought a scroll of fear for 76 gold pieces
 41249 | Vaults:2 | Reached skill level 22 in Invocations
 41450 | Vaults:3 | Reached XP level 21. HP: 200/200 MP: 36/36
 42362 | Vaults:4 | Received a gift from Okawaru
 42850 | Vaults:4 | Received a gift from Okawaru
 43309 | Vaults:4 | Identified the ring "Yzxyss" {Wiz SInv}
 43325 | Vaults:4 | Identified the ring "Ywizoiq" {Wiz Str+3 Stlth+}
 43392 | Vaults:4 | Identified the amulet of the Coward {Reflect rC- Slay+5
                  | SH+5}
 43404 | Vaults:4 | Identified the ring of Greed {rF+ rC+ rCorr}
 43793 | Vaults:4 | Received a gift from Okawaru
 43891 | Vaults:4 | Noticed an ancient lich
 43904 | Vaults:4 | Killed an ancient lich
 44036 | Vaults:5 | Entered Level 5 of the Vaults
 44042 | Vaults:5 | Reached XP level 22. HP: 164/209 MP: 27/37
 44296 | Vaults:5 | Received a gift from Okawaru
 44400 | Vaults:5 | Received a gift from Okawaru
 44452 | Vaults:5 | HP: 6/209 [titan (34)]
 44552 | Vaults:5 | Noticed an ancient lich
 44556 | Vaults:5 | Noticed a dread lich
 44557 | Arena    | Entered the Arena
 44567 | Arena    | Killed a dread lich
 44568 | Arena    | Reached skill level 23 in Invocations
 44609 | Vaults:5 | Received a gift from Okawaru
 44613 | Vaults:5 | Killed an ancient lich
 44673 | Vaults:5 | Reached skill level 24 in Invocations
 44675 | Vaults:5 | Identified the +1 orcbow "Jiohoc" {heavy, *Corrode rF-
                  | Dex+8 Stlth+}
 44973 | Vaults:5 | Received a gift from Okawaru
 45122 | Vaults:5 | Identified the amulet "Vidob" {Reflect Harm ^Fragile rCorr
                  | Int+2 SH+5}
 45314 | Vaults:5 | Reached XP level 23. HP: 204/216 MP: 36/39
 45375 | Vaults:5 | Identified the +0 robe of the Vestibule of Hell {rF+}
 45376 | Vaults:5 | Identified the +1 shortbow "Izxaw" {drain, rElec rC- rN+}
 46021 | Vaults:5 | Got a silver rune of Zot
 46365 | Depths:1 | Entered Level 1 of the Depths
 46437 | Depths:1 | Reached skill level 5 in Throwing
 46476 | Depths:1 | Received a gift from Okawaru
 46916 | Depths:1 | Found a gateway to Hell.
 46975 | Depths:1 | Found a blossoming altar of Fedhas.
 47457 | Depths:2 | Received a gift from Okawaru
 47562 | Depths:2 | Found a one-way gate leading to the halls of Pandemonium.
 47739 | Depths:2 | Found Odof's Weapon Shoppe.
 48360 | Depths:2 | Received a gift from Okawaru
 48592 | Depths:2 | Identified the +2 chain mail of the First Lives {Harm
                  | Will++ Regen+ Int-2}
 48701 | Depths:3 | Reached XP level 24. HP: 187/231 MP: 34/39
 48864 | Depths:3 | Found an iron altar of Okawaru.
 48914 | Depths:3 | Found a runed translucent gate.
 48915 | Depths:3 | Found a runed translucent gate.
 48915 | Depths:3 | Found an opulent altar of Gozag.
 48915 | Depths:3 | Found a runed translucent gate.
 48927 | Depths:3 | Found Itike's Assorted Antiques.
 48936 | Depths:3 | Noticed Soesill's ghost (adept DgCj)
 48965 | Depths:3 | Received a gift from Okawaru
 48988 | Depths:3 | Killed Soesill's ghost
 49017 | Depths:3 | Bought a scroll of teleportation for 90 gold pieces
 49017 | Depths:3 | Bought a scroll of teleportation for 90 gold pieces
 49017 | Depths:3 | Bought a scroll of teleportation for 90 gold pieces
 49017 | Depths:3 | Bought a scroll of enchant armour for 225 gold pieces
 49074 | Depths:3 | Found a one-way gate to the infinite horrors of the Abyss.
 49291 | Depths:3 | Identified the +7 battleaxe of Ileciats {freeze, rC+ Dex+2}
 49291 | Depths:3 | Identified the +1 ring mail of Quantum Leap {rC+ rN+++
                  | rCorr Int-3}
 49488 | Depths:3 | Received a gift from Okawaru
 49940 | Depths:3 | Found an ancient bone altar of Kikubaaqudgha.
 49997 | Depths:4 | Entered Level 4 of the Depths
 50014 | Depths:4 | Reached skill level 10 in Throwing
 50077 | Depths:4 | Noticed a juggernaut
 50097 | Depths:4 | Killed a juggernaut
 50097 | Depths:4 | Received a gift from Okawaru
 50099 | Depths:4 | Identified the ring of Qoddosumm {Int+6 SInv}
 50388 | Depths:4 | Found a transporter.
 50450 | Depths:4 | Noticed Margery
 50459 | Depths:4 | Killed Margery
 50655 | Depths:4 | Found a transporter.
 50693 | Depths:4 | Received a gift from Okawaru
 50745 | Depths:4 | Reached XP level 25. HP: 141/243 MP: 17/39
 51093 | Depths:4 | Found a broken altar of Ashenzari.
 51253 | Depths:4 | Found a gate to the Realm of Zot.
 51277 | Depths:4 | Identified the ring "Pusteogi" {Will+ EV+5}
 51343 | Depths:4 | Found a shimmering blue altar of Sif Muna.
 51549 | Depths:4 | Identified the ring of Onne {rC+ rCorr}
 51594 | Depths:4 | Found a one-way gateway to a ziggurat.
 51755 | Zot:1    | Entered Level 1 of the Realm of Zot
 52124 | Zot:1    | Identified the ring "Meuhoumo" {Str+2 Slay+4}
 52293 | Zot:1    | Found a transporter.
 52313 | Zot:1    | Found a transporter.
 52323 | Zot:1    | Received a gift from Okawaru
 52336 | Zot:1    | Found a transporter.
 52339 | Zot:1    | Found a transporter.
 54419 | Zot:3    | Noticed Grunn
 54439 | Zot:3    | Killed Grunn
 54453 | Zot:3    | Reached skill level 10 in Dodging
 54474 | Zot:3    | Received a gift from Okawaru
 55781 | Zot:4    | Reached skill level 25 in Invocations
 56073 | Zot:4    | Reached XP level 26. HP: 237/246 MP: 38/39
 56153 | Zot:4    | Noticed a Killer Klown
 56167 | Zot:4    | Killed a Killer Klown
 56428 | Zot:4    | Received a gift from Okawaru
 57241 | Zot:4    | Identified the staff of Hatred {rC+ Str+4 SInv Conj}
 57581 | Zot:5    | Entered Level 5 of the Realm of Zot
 57637 | Zot:5    | Found a huge runed translucent gate.
 57637 | Zot:5    | Found a huge runed translucent gate.
 57637 | Zot:5    | Found a huge runed translucent gate.
 57637 | Zot:5    | Found a huge runed translucent gate.
 57637 | Zot:5    | Found a huge runed translucent gate.
 57637 | Zot:5    | Found a huge runed translucent gate.
 57637 | Zot:5    | Found a huge runed translucent gate.
 57638 | Zot:5    | Found a huge runed translucent gate.
 57638 | Zot:5    | Found a huge runed translucent gate.
 57639 | Zot:5    | Found a huge runed translucent gate.
 57640 | Zot:5    | Found a huge runed translucent gate.
 57706 | Zot:5    | Found a huge runed translucent gate.
 57707 | Zot:5    | Found a huge runed translucent gate.
 57707 | Zot:5    | Found a huge runed translucent gate.
 57708 | Zot:5    | Found a huge runed translucent gate.
 57739 | Zot:5    | Found a huge runed translucent gate.
 57740 | Zot:5    | Found a huge runed translucent gate.
 57741 | Zot:5    | Found a huge runed translucent gate.
 57742 | Zot:5    | Found a huge runed translucent gate.
 57743 | Zot:5    | Found a huge runed translucent gate.
 57744 | Zot:5    | Found a huge runed translucent gate.
 57744 | Zot:5    | Found a huge runed translucent gate.
 57748 | Zot:5    | Found a huge runed translucent gate.
 57749 | Zot:5    | Found a huge runed translucent gate.
 57749 | Zot:5    | Found a huge runed translucent gate.
 57755 | Zot:5    | Found a huge runed translucent gate.
 57756 | Zot:5    | Found a huge runed translucent gate.
 57757 | Zot:5    | Found a huge runed translucent gate.
 57758 | Zot:5    | Found a huge runed translucent gate.
 57759 | Zot:5    | Found a huge runed translucent gate.
 57759 | Zot:5    | Found a huge runed translucent gate.
 57765 | Zot:5    | Found a huge runed translucent gate.
 57766 | Zot:5    | Found a huge runed translucent gate.
 57766 | Zot:5    | Found a huge runed translucent gate.
 57766 | Zot:5    | Found a huge runed translucent gate.
 57766 | Zot:5    | Found a huge runed translucent gate.
 57821 | Zot:5    | Noticed an orb of fire
 58102 | Zot:5    | Noticed a dread lich
 58108 | Zot:5    | Killed a dread lich
 58134 | Zot:5    | Noticed a Killer Klown
 58136 | Zot:5    | Noticed an orb of fire
 58138 | Zot:5    | Noticed a dread lich
 58138 | Zot:5    | Noticed a Killer Klown
 58141 | Zot:5    | Noticed an orb of fire
 58145 | Zot:5    | Noticed a dread lich
 58402 | Zot:4    | Gained mutation: You are dopey. (Int -2) [an orb of fire]
 58409 | Zot:4    | Killed an orb of fire
 58414 | Zot:5    | Gained mutation: You occasionally lose the ability to drink
                  | potions when taking damage. [an orb of fire]
 58415 | Zot:5    | Gained mutation: Your health recovers twice as slowly from
                  | being drained. [an orb of fire]
 58427 | Zot:4    | Gained mutation: Your spells are easier to cast, but less
                  | powerful. [an orb of fire]
 58434 | Zot:4    | Killed an orb of fire
 58435 | Zot:4    | Lost mutation: You are dopey. (Int -2) [potion of mutation]
 58435 | Zot:4    | Lost mutation: Your health recovers twice as slowly from
                  | being drained. [potion of mutation]
 58435 | Zot:4    | Lost mutation: Your spells are easier to cast, but less
                  | powerful. [potion of mutation]
 58435 | Zot:4    | Gained mutation: You are agile. (Dex +4, Str/Int -1)
                  | [potion of mutation]
 58435 | Zot:4    | Gained mutation: You possess an exceptional clarity of
                  | mind. [potion of mutation]
 58435 | Zot:4    | Gained mutation: Armour fits poorly on your strangely
                  | shaped body. [potion of mutation]
 58436 | Zot:4    | Lost mutation: Armour fits poorly on your strangely shaped
                  | body. [potion of mutation]
 58436 | Zot:4    | Lost mutation: You are agile. (Dex +4, Str/Int -1) [potion
                  | of mutation]
 58436 | Zot:4    | Lost mutation: You occasionally lose the ability to drink
                  | potions when taking damage. [potion of mutation]
 58436 | Zot:4    | Gained mutation: Your muscles are strong. (Str +4, Int/Dex
                  | -1) [potion of mutation]
 58436 | Zot:4    | Gained mutation: You are robust. (+10% HP) [potion of
                  | mutation]
 58478 | Zot:4    | Killed a dread lich
 58486 | Zot:5    | Killed a dread lich
 58486 | Zot:5    | Received a gift from Okawaru
 58488 | Zot:5    | Noticed a Killer Klown
 58493 | Zot:5    | Killed a Killer Klown
 58515 | Zot:5    | Killed a Killer Klown
 58540 | Zot:5    | Killed a Killer Klown
 58620 | Zot:5    | Noticed a Killer Klown
 58622 | Zot:5    | Noticed a Killer Klown
 58625 | Zot:5    | Noticed a dread lich
 58649 | Zot:5    | Paralysed by something for 2 turns
 58656 | Zot:5    | Paralysed by something for 2 turns
 58664 | Zot:4    | Killed a dread lich
 58941 | Zot:5    | Killed a Killer Klown
 58981 | Zot:5    | Killed a Killer Klown
 59000 | Zot:5    | Noticed a dread lich
 59003 | Arena    | Entered the Arena
 59010 | Arena    | Killed a dread lich
 59037 | Zot:5    | Received a gift from Okawaru
 59375 | Zot:5    | Noticed a Killer Klown
 59394 | Zot:5    | Killed a Killer Klown
 59444 | Zot:5    | Reached skill level 10 in Evocations
 59444 | Zot:5    | Reached XP level 27. HP: 204/283 MP: 36/39
 59637 | Zot:5    | Got the Orb of Zot
 60083 | D:9      | Noticed Afrom the pandemonium lord
 60265 | D:$      | Escaped with the Orb!

Illustrated notes

Levels and vault maps discovered:
D:1:      wheals_arrival_shading, layout_rooms
D:2:      layout_rooms, serial_shops, shop, basic_ecumenical_altar,
          dreamdust_princess_corridor, hex_medium, minmay_pentomino_u2
D:3:      minmay_evil_eye, layout_loops_ring, mainiacjoe_overflow_alcove_4,
          okawaru_altar_gauntlet_db
D:4:      layout_cave_pools, portal_sewer_entry_b
D:5:      cheibrodos_quashed, layout_basic, nemelex_spade_bored_becter,
          grunt_qazlal_sundering, serial_shops, shop, nicolae_wooded_promenade
D:6:      layout_basic, nicolae_dithmenos_shadow_blocks,
          grunt_gozag_breadcrumbs, chequers_serial_rivers_micro_c
D:7:      layout_loops_ring, minmay_temple_entry_junction_2, uniq_joseph,
          uniq_maurice
D:8:      layout_loops_ring, mainiacjoe_overflow_brackets, nicolae_hexahallways
D:9:      layout_loops_ring, nicolae_demonic_statue_gallery
D:10:     layout_cave_pods, nicolae_where_there's_smoke
D:11:     layout_roguey, dpeg_lair_monsters, erik_orc_3, minmay_radiant,
          uniq_nergalle
D:12:     nzn_winding_woodlands_large [nzn_winding_woodlands_5x5_checkerboard,
          nzn_winding_woodlands_5x15_pathside_ponds,
          nzn_winding_woodlands_5x5_open_star,
          nzn_winding_woodlands_center_pierced_h,
          nzn_winding_woodlands_15x15_five_gardens,
          nzn_winding_woodlands_center_garden,
          nzn_winding_woodlands_5x5_perimeter,
          nzn_winding_woodlands_5x15_garden,
          nzn_winding_woodlands_5x5_closed_star], layout_stronghold,
          serial_column_ruins, column_ruins_hut, column_ruins_grid_1,
          column_ruins_columns_dead_end, column_ruins_corridor_straight,
          column_ruins_columns_straight, column_ruins_columns_corner,
          column_ruins_columns_dead_end, beargit_hepliaklqana_dungeon_heroes,
          uniq_fannar, uniq_kirke
D:13:     layout_cave_pods, serial_glass, glass_columns_a, glass_columns_a,
          glass_columns_a, glass_columns_b, due_unseen_surprise
D:14:     layout_big_octagon, grunt_vaults_entry_tiered, lemuel_doored_altar,
          drop_trap, grunt_ministairs_12
D:15:     hangedman_depths_entry_civil_slaughter, layout_stronghold,
          nicolae_uskayaw_en_pointe, nicolae_figureground_sparkle
Lair:1:   layout_big_grid, beast_lair_carwin_6
Lair:2:   layout_chaotic_city, mainiacjoe_shoals_entry_four_pools,
          minmay_snake_entry_six_corridors
Lair:3:   beast_lair_carwin_large_1, layout_cave_shapes, grunt_megastairs_1,
          uniq_sonja
Lair:4:   layout_long_grid, minmay_slime_entry_pillars, gauntlet_entry_generic
Lair:5:   minmay_lair_end_enchanted_forest, layout_gridlike, basic_altar,
          infiniplex_staircase_pool_2
Shoals:1: layout_shoals, nicolae_shoals_hidden_pirate_stash, uniq_donald
Shoals:2: layout_shoals, uniq_polyphemus
Shoals:3: layout_shoals, serial_shops, shop, hangedman_shoals_cup_caves
Shoals:4: shoals_end_hangedman, layout_shoals
Snake:1:  layout_honeycomb, serial_shops, nicolae_shop_tiny_statue_garden,
          nicolae_shop_bloodbath_and_beyond, nicolae_shop_back_alley_shop, shop,
          drop_trap, uniq_aizul, uniq_louise, uniq_mlioglotl, uniq_asterion
Snake:2:  layout_onion_interference, serial_shops, shop, drop_trap,
          nicolae_shop_i_like_small_books_too, lemuel_fruit_tree
Snake:3:  layout_rooms, basic_altar, serial_shops, nicolae_shop_back_alley_shop,
          nicolae_shop_peninsula, nicolae_shop_stone, shop, grunt_ministairs_13
Snake:4:  grunt_snake_rune_serpentine_throne, layout_misc_corridors,
          basic_altar, serial_shops, shop, nicolae_shop_waterfront,
          minmay_shop_grove, serial_bayou_shore_a, uniq_vashnia
Orc:1:    layout_diamond_mine
Orc:2:    grunt_orc_community_town_hall, layout_diamond_mine,
          grunt_orc_community_big_house_1, grunt_orc_community_big_house_2,
          grunt_orc_community_house_3, grunt_orc_community_house_3,
          grunt_orc_community_house_1, grunt_orc_community_house_2,
          grunt_orc_community_house_3, grunt_orc_community_house_2, uniq_snorg
Elf:1:    layout_gridlike, nicolae_elf_shapeshifter_party,
          nicolae_zig_zag_zippers
Elf:2:    nicolae_elf_blades_splatter_lattice [mumra_blade_entry_bloodbath],
          layout_geoelf_grid, nicolae_fountain_basement, uniq_agnes
Vaults:1: ontoclasm_vaults_misaligned, abrahamwl_protected_by_tso_3,
          nicolae_vaults_rhombus_7, serial_library_hellmonk_reading_circle,
          vaults_room_grunt_arrival_ludios, ontoclasm_vaults_bender,
          layout_vaults_chaotic_city
Vaults:2: nicolae_vaults_storage_room_doors, minmay_crypt_entry_skeletal_spiral,
          nicolae_vaults_shrinking_rooms_1, v_misc_1, v_misc_12,
          nicolae_vaults_little_squares_2, ontoclasm_vaults_idyll,
          vaults_mumra_lcd, nicolae_vaults_yaktaur_gun_rack, v_misc_9,
          nicolae_vaults_sightless_eye, nicolae_vaults_asterisk,
          layout_vaults_ring, serial_shops, shop
Vaults:3: nicolae_vaults_shock_wave, v_alt_pattern_6,
          nicolae_vaults_tetromino_T_2, nicolae_vaults_offset_grid_hallway_4,
          v_misc_9, v_misc_17, nicolae_vaults_network_s, v_misc_27,
          nicolae_vaults_tetromino_T_2, layout_vaults_maze_snakey
Vaults:4: hangedman_vaults_capsules, nicolae_vaults_little_squares_5,
          vaults_room_octagon, nicolae_vaults_puzzle_piece,
          vaults_standard_mumra_enter_the_diamond,
          ontoclasm_vaults_loading_screen, v_misc_22,
          hangedman_vaults_river_flow, v_misc_15, hangedman_vaults_restitches,
          v_misc_2, nicolae_vaults_storing_the_good_stuff,
          nicolae_vaults_little_ls, layout_vaults_omnibox
Vaults:5: uniq_saint_roka
Depths:1: layout_cave_pools, pf_hell_entry_tar_river, fedhas_altar_fruit_tree,
          kennysheep_generic_room_9
Depths:2: minmay_stepped, layout_gridlike, pan_entry, serial_shops, shop,
          lightli_too_deep, roderic_lattice_octagonal_star
Depths:3: evilmike_iron_armoury, layout_cave_shapes, minmay_staircase_bubble,
          grunt_hell_entry_dis_grunt, rand_demon_pan_entry_5,
          ebering_ghost_gozag, abyss_entry, nicolae_danse_macabre,
          grunt_megastairs_3, serial_bayou_shore_b
Depths:4: hangedman_spin_cycle, hell_entry
Zot:1:    layout_misc_corridors, nicolae_transporter_circle
Zot:2:    layout_cathedral_of_symmetry, zot_minivault_1, grunt_megastairs_4
Zot:3:    layout_misc_corridors, uniq_grunn
Zot:4:    kennysheep_oblong_rooms, layout_onion, bh_zot_lava_cross,
          st_single_dragon_hoard_4, regret_index_zotdec_bone_old, st_stairs_1
Zot:5:    layout_misc_corridors, gammafunk_ghost_door_vault, nrook_zot_tub

Skill      XL: |  1  2  3  4  5  6  7  8  9 10 11 12 13 14 15 16 17 18 19 20 21 22 23 24 25 26 27 |
---------------+----------------------------------------------------------------------------------+-----
Axes           | 3 4 5 6 7 8 9 14 16 18 21 23 | 23.0
Fighting       | 4 5 6 7 8 9 12 13 15 17 18 19 20 21 23 | 23.0
Armour         | 4 5 6 7 9 10 12 14 16 18 20 22 | 22.1
Shields        | 4 8 12 15 17 19 20 21 | 21.2
Invocations    | 2 3 5 8 10 13 14 16 18 19 20 21 22 24 25 | 25.0
Long Blades    | 2 3 4 5 |  5.0
Dodging        | 4 6 9 10 11 12 | 12.0
Evocations     | 6 10 | 10.8
Throwing       | 4 7 13 14 | 14.0

Action                     |  1- 3 |  4- 6 |  7- 9 | 10-12 | 13-15 | 16-18 | 19-21 | 22-24 | 25-27 || total
---------------------------+-------+-------+-------+-------+-------+-------+-------+-------+-------++-------
  Melee: War axe           |   112 |   213 |   244 |       |       |       |       |       |       ||   569
         Katana            |       |       |    42 |   809 |  1205 |       |       |       |       ||  2056
         Demon trident     |       |       |       |       |     1 |       |       |       |       ||     1
         Broad axe         |       |       |       |       |   503 |  1292 |  1264 |  1169 |   912 ||  5140
         Unarmed           |       |       |       |       |    30 |       |       |       |       ||    30
  Throw: Javelin           |       |       |       |       |     3 |       |       |    31 |    29 ||    63
 Invoke: Heroism           |       |       |     3 |    16 |    15 |    16 |    13 |    10 |    10 ||    83
         Finesse           |       |       |       |     2 |     2 |     3 |     3 |     6 |     2 ||    18
         Receive Weapon    |       |       |       |       |     1 |       |       |       |       ||     1
         Receive Armour    |       |       |       |       |     1 |       |       |       |       ||     1
         Duel              |       |       |       |       |       |     1 |       |     1 |     1 ||     3
  Evoke: Wand              |       |       |       |     8 |    16 |     5 |     3 |     3 |     5 ||    40
         Tin of tremorston |       |       |       |     1 |     5 |     2 |     1 |     3 |     2 ||    14
    Use: Scroll            |       |     3 |     1 |    10 |    22 |    13 |     2 |    10 |     5 ||    66
         Potion            |       |     1 |     3 |     2 |     7 |     2 |     1 |    10 |     6 ||    32
   Stab: Paralysed         |       |       |       |    10 |     3 |       |       |       |       ||    13
         Sleeping          |       |       |       |       |     2 |       |       |       |       ||     2
         Petrified         |       |       |       |       |       |     1 |       |       |       ||     1
         Distracted        |       |       |       |       |       |       |       |     1 |       ||     1
 Armour: Scale mail        |    70 |    84 |       |       |       |       |       |       |       ||   154
         Chain mail        |       |    33 |   192 |       |       |       |       |       |       ||   225
         Ring mail         |       |       |       |   366 |   653 |       |       |       |       ||  1019
         Plate armour      |       |       |       |       |   367 |   847 |   422 |   329 |       ||  1965
         Skin              |       |       |       |       |    18 |       |       |     5 |     1 ||    24
         Gold dragon scale |       |       |       |       |       |       |       |   131 |   533 ||   664
  Dodge: Dodged            |    42 |   155 |   143 |   421 |  1096 |   415 |   282 |   264 |   166 ||  2984
  Block: Buckler           |    36 |    43 |    68 |       |       |       |       |       |       ||   147
         Kite shield       |       |       |       |   335 |   990 |   428 |       |       |       ||  1753
         Tower shield      |       |       |       |       |       |   684 |  1707 |  1425 |  1055 ||  4871
